Map: Romanticide LE

Players

Nina

  • Race: Protoss Protoss
  • League: Grandmaster

DisK - Winner!

  • Race: Protoss Protoss

Event: DreamHack SC2 Masters 2021 Summer

VOD

Have the link to the VOD?

Description

Time

  • Played on: May 26, 2021, 5:14 p.m.
  • Length: 8:27

All games in this series

Show
View Real Time Build Order
Export as new Build Order

Nina Protoss 

Build Orders:  

Get SALT Encoding   

  12  0:00  Probe  
  13  0:12  Probe  
  14  0:17  Pylon  
  14  0:24  Probe (Chrono Boost)  
  15  0:37  Probe (Chrono Boost)  
  15  0:38  Gateway  
  16  0:45  Probe (Chrono Boost)  
  16  0:49  Assimilator  
  17  0:51  Probe  
  17  0:56  Assimilator  
  18  1:03  Probe (Chrono Boost)  
  19  1:08  Gateway  
  19  1:14  Probe (Chrono Boost)  
  20  1:18  Probe (Chrono Boost)  
  20  1:25  Cybernetics Core  
  21  1:29  Probe  
  22  1:34  Pylon  
  22  1:41  Probe  
  23  1:53  Probe  
  24  2:02  Stalker x2  
  24  2:04  Warp Gate  
  24  2:06  Probe  
  29  2:16  Pylon  
  29  2:18  Probe  
  30  2:25  Pylon  
  30  2:32  Probe  
  30  2:34  Stalker x2  
  35  2:46  Probe  
  35  2:47  Pylon  
  36  3:05  Nexus  
  36  3:09  Sentry  
  36  3:11  Sentry  
  40  3:18  Shield Battery  
  40  3:20  Probe  
  41  3:29  Shield Battery  
  41  3:32  Probe  
  42  3:42  Twilight Council  
  42  3:44  Probe  
  43  3:58  Stalker x2  
  47  4:04  Pylon  
  47  4:09  Pylon  
  47  4:10  Shield Battery  
  47  4:12  Phoenix  
  47  4:16  Probe  
  48  4:19  Forge  
  48  4:20  Probe  
  49  4:24  Shield Battery  
  49  4:30  Probe (Chrono Boost)  
  50  4:33  Probe (Chrono Boost)  
  51  4:41  Pylon  
  51  4:44  Probe (Chrono Boost)  
  53  4:46  Probe (Chrono Boost)  
  53  4:49  Probe (Chrono Boost), Robotics Facility  
  54  4:53  Probe  
  54  4:54  Photon Cannon  
  55  5:05  Photon Cannon  
  54  5:13  Sentry  
  55  5:15  Sentry  
  55  5:16  Photon Cannon  
  55  5:20  Blink (Chrono Boost)  
  54  5:36  Observer (Chrono Boost)  
  54  5:38  Probe  
  56  5:51  Observer  
  53  6:01  Pylon  
  53  6:02  Pylon  
  53  6:06  Nexus  
  53  6:13  Pylon  
  53  6:19  Probe  
  53  6:22  Phoenix, Robotics Bay  
  54  6:30  Observer (Chrono Boost)  
  54  6:31  Probe (Chrono Boost)  
  56  6:41  Probe (Chrono Boost)  
  56  6:43  Stalker  
  56  6:46  Probe (Chrono Boost)  
  60  6:54  Stalker  
  60  6:58  Probe  
  63  7:10  Probe  
  64  7:17  Stalker  
  66  7:22  Shield Battery  
  66  7:29  Stalker  
  68  7:32  Disruptor (Chrono Boost)  
  68  7:33  Photon Cannon  
  71  7:38  Assimilator  
  71  7:40  Assimilator  
  71  7:44  Pylon, Stalker  
  67  8:02  Stalker  
  69  8:07  Stalker  
Show
View Real Time Build Order
Export as new Build Order

DisK Protoss - Winner!

Build Orders: Blink Stalkers, Dark Templar Rush 

Get SALT Encoding   

  12  0:00  Probe  
  13  0:12  Probe  
  14  0:17  Pylon  
  14  0:24  Probe (Chrono Boost)  
  15  0:35  Gateway  
  15  0:36  Probe (Chrono Boost)  
  16  0:45  Probe (Chrono Boost)  
  16  0:46  Assimilator  
  17  0:50  Probe  
  17  0:55  Assimilator  
  18  1:03  Probe (Chrono Boost)  
  19  1:09  Gateway  
  19  1:13  Probe (Chrono Boost)  
  19  1:18  Probe  
  20  1:24  Cybernetics Core  
  21  1:30  Probe  
  22  1:35  Pylon  
  22  1:42  Probe  
  23  1:54  Probe  
  23  2:01  Stalker x2, Warp Gate  
  28  2:07  Probe  
  29  2:11  Pylon  
  29  2:23  Pylon  
  29  2:31  Adept x2  
  33  2:43  Twilight Council  
  33  3:06  Pylon  
  33  3:10  Nexus  
  33  3:16  Shield Battery  
  33  3:26  Dark Shrine  
  33  3:36  Gateway  
  33  3:44  Probe  
  33  3:48  Blink (Chrono Boost)  
  34  3:57  Shield Battery  
  34  3:59  Probe  
  35  4:09  Shield Battery  
  35  4:11  Probe  
  37  4:26  Probe (Chrono Boost)  
  37  4:28  Probe (Chrono Boost)  
  38  4:37  Probe (Chrono Boost)  
  38  4:38  Probe (Chrono Boost), Dark Templar x2  
  42  4:39  Dark Templar  
  42  4:44  Probe (Chrono Boost)  
  48  4:45  Probe (Chrono Boost)  
  48  4:49  Probe  
  49  4:54  Probe  
  49  4:55  Robotics Facility  
  50  5:02  Probe  
  50  5:06  Probe  
  52  5:10  Stalker x2  
  52  5:14  Probe  
  57  5:19  Probe  
  58  5:23  Gateway  
  58  5:26  Probe, Gateway  
  59  5:31  Probe  
  59  5:32  Stalker  
  60  5:38  Probe  
  60  5:40  Pylon  
  61  5:43  Probe, Assimilator  
  61  5:45  Assimilator  
  61  5:49  Pylon  
  62  5:51  Pylon  
  62  5:55  Probe, Observer (Chrono Boost)  
  62  5:59  Stalker x2  
  64  6:08  Stalker  
  64  6:10  Shield Battery  
  66  6:13  Warp Prism (Chrono Boost)  
  66  6:20  Stalker  
  68  6:25  Stalker x2  
  68  6:30  Stalker  
  74  6:34  Stalker  
  76  6:41  Pylon  
  76  6:44  Observer  
  76  6:45  Stalker  
  79  6:55  Nexus  
  79  7:01  Observer  
  79  7:06  Stalker x2  
  83  7:08  Stalker  
  83  7:13  Stalker  
  85  7:16  Stalker  
  85  7:20  Probe x2  
  85  7:35  Sentry  
  85  7:36  Stalker x2, Sentry  
  93  7:38  Probe  
  94  7:45  Pylon  
  94  8:03  Probe x2  
  94  8:17  Stalker x5  
Tags
 
Add a new tag
Caveats
  • Supply blocks, unpowered buildings, or Contaminate may cause inaccurate times.
  • Supply counts are checked every 10 seconds.